 Dungeon Crawl Stone Soup version 0.27.1-1-g398f81649c (webtiles) character file.

Game seed: 10862744720336412362

97 Descartes the Grave Robber (level 4, 0/25 HPs)
             Began as a Deep Elf Wanderer on Sept 10, 2021.
             Slain by an orc (1 damage)
             ... on level 2 of the Dungeon.
             The game lasted 00:06:22 (2149 turns).

Descartes the Grave Robber (Deep Elf Wanderer)      Turns: 2149, Time: 00:06:23

Health: 0/25       AC:  5    Str: 10    XL:     4   Next: 42%
Magic:  4/10       EV: 12    Int: 18    God:
Gold:   26         SH:  0    Dex: 13    Spells: 8/9 levels left

rFire    . . .     SeeInvis .   a - +2 dagger (venom)
rCold    + . .     Faith    .   (no shield)
rNeg     . . .     Spirit   .   e - +1 robe {rC+}
rPois    .         Reflect  .   m - +0 helmet
rElec    .         Harm     .   (no cloak)
rCorr    .         Rampage  .   h - +0 pair of gloves
Will     .....                  (no boots)
Stlth    ++........             (no amulet)
HPRegen  0.08/turn              (no ring)
MPRegen  0.12/turn              (no ring)

@: no status effects
A: no striking features
a: no special abilities


You were on level 2 of the Dungeon.
You visited 1 branch of the dungeon, and saw 2 of its levels.

You collected 26 gold pieces.

Inventory:

Hand Weapons
 a - a +2 dagger of venom (weapon)
 b - a +0 shortbow
Missiles
 c - 12 arrows
 d - 30 stones (quivered)
 j - 17 bolts
 l - 20 sling bullets
Armour
 e - a +1 robe of cold resistance (worn)
 h - a +0 pair of gloves (worn)
 m - a +0 helmet (worn)
Magical Staves
 i - a staff of conjuration
Potions
 f - 2 potions of haste {unknown}
 g - 3 potions of lignification {unknown}
 k - a potion of curing {unknown}


   Skills:
 - Level 1.0 Fighting
 + Level 2.6 Bows
 - Level 2.0 Throwing
 - Level 1.0 Armour
 + Level 2.0 Dodging
 + Level 2.2 Stealth
 - Level 3.0 Spellcasting
 * Level 2.8 Conjurations
 - Level 3.6 Necromancy


You had 8 spell levels left.
You knew the following spells:

 Your Spells              Type           Power      Damage    Failure   Level
a - Magic Dart            Conj           48%        1d5       5%          1

Your spell library contained the following spells:

 Spells                   Type           Power      Damage    Failure   Level
 Blink                    Tloc           N/A        N/A       24%         2
 Call Imp                 Summ           2%         N/A       24%         2
 Passwall                 Tmut/Erth      1%         N/A       24%         2
 Slow                     Hex            2%         N/A       24%         2
 Wereblood                Tmut           2%         N/A       24%         2
 Conjure Flame            Conj/Fire      7%         6-21      28%         3
 Mephitic Cloud           Conj/Pois/Air  6%         N/A       32%         3
 Call Canine Familiar     Summ           2%         N/A       43%         3
 Portal Projectile        Hex/Tloc       4%         N/A       43%         3
 Leda's Liquefaction      Hex/Erth       1%         N/A       85%         4
 Bolt of Magma            Conj/Fire/Erth 3%         4d5       97%         5
 Statue Form              Tmut/Erth      1%         N/A       100%        6


Dungeon Overview and Level Annotations

Branches:
Dungeon (2/15)

Altars:

Shops:
D:2 [


Message History

The orc is almost dead.
Casting: Magic Dart (safe; 5% risk of failure)
Confirm with . or Enter, or press ? or * to list all spells.
Aiming: Magic Dart (safe; 5% risk of failure)
Press: ? - help, Shift-Dir - straight line, f/p - orc
Aim: an orc, wielding a +0 dagger (almost dead, 100% to hit)
You feel a surge of power!
The magic dart hits the orc.
You kill the orc!
An orc comes into view. It is wielding a +0 whip.
You hear some strange, mumbled words.
You are confused.
You bump into the rock wall.
You bump into the rock wall.
You're too confused to move!
You hear some strange, mumbled words.
A magic dart appears from out of thin air!
The magic dart hits you.
Your +2 dagger of venom begins to drip with poison!
a - a +2 dagger of venom (weapon)
Something hits you.
You bump into the rock wall.
You feel less confused. Something hits you.
A magic dart appears from out of thin air!
The magic dart hits you but does no damage.
The orc hits you but does no damage. Something hits you but does no damage.
You closely miss the orc. The orc hits you with a +0 short sword.
Something barely misses you.
You closely miss the orc. The orc hits you with a +0 short sword.
* * * LOW HITPOINT WARNING * * *
Something hits you.
* * * LOW HITPOINT WARNING * * *
You hit the orc but do no damage.
The orc is poisoned.
The orc hits you with a +0 short sword.
* * * LOW HITPOINT WARNING * * *
You hit the orc.
The orc looks as sick as possible!
The orc is severely wounded.
You kill the orc!
The orc hits you with a +0 whip.
You die...

### #.##.####.###.......# #.#..#
....##.##.#..............# #.#..#
... .....................# #.#..#
#...##.#.##.##.#.######### #.#...
#...#.......##.#.# #.#.##
#......)...).....# #.#.#
#........#...# #.#.#
#..#.#...#.o)# #.#.#
#..#.#...#.#@## #.#.#
#####..#.#####.#..##### #.#.#
.......#.# #.#..†...# #.#.#
######.#.# #.#...##.#### #.#.#
.......#.# #.#.........# #.#.#
.#######.#####.#.#.##..#####.#.#
.# #.......................#.# .#
#.#.##....#.#...........#.#
.#####.#.##.####.#...........#.##


You could see an orc.

Vanquished Creatures
  Jessica (D:2)
  2 gnolls (D:1)
  2 adders (D:2)
  A dart slug (D:1)
  3 orcs (D:2)
  3 bats
  2 endoplasms (D:1)
  3 giant cockroaches (D:2)
  3 goblins
  A hobgoblin (D:1)
  A quokka (D:1)
  5 ball pythons
  3 frilled lizards (D:1)
  A kobold (D:1)
  4 rats (D:1)
35 creatures vanquished.

Notes
Turn   | Place    | Note
-------+----------+-------------------------------------------
     0 | D:1      | Descartes the Deep Elf Wanderer began the quest for the
                  | Orb.
     0 | D:1      | Descartes set off with the following items: a +0 shortbow,
                  | 20 arrows, a +0 robe; and the following spell memorised:
                  | Magic Dart; and the following spells available to memorise:
                  | Blink, Call Imp, Passwall, Slow, Wereblood, Conjure Flame,
                  | Mephitic Cloud
     0 | D:1      | Reached XP level 1. HP: 12/12 MP: 6/6
     2 | D:1      | Noticed a ghoul
     2 | D:1      | Noticed a spriggan
     4 | D:1      | Noticed a naga
     4 | D:1      | Noticed a demonspawn
     6 | D:1      | Noticed an octopode
     6 | D:1      | Noticed a gargoyle
     8 | D:1      | Noticed a draconian
     8 | D:1      | Noticed a tengu
    10 | D:1      | Noticed a demigod
    10 | D:1      | Noticed a dwarf
    12 | D:1      | Noticed a minotaur
    14 | D:1      | Noticed a vampire
    16 | D:1      | Noticed a troll
    16 | D:1      | Noticed a human
    18 | D:1      | Noticed a barachi
    18 | D:1      | Noticed a felid
    20 | D:1      | Noticed an elf
    20 | D:1      | Noticed a djinni
    22 | D:1      | Noticed a palentonga
    24 | D:1      | Noticed a vine stalker
    24 | D:1      | Noticed a formicid
    26 | D:1      | Noticed an ogre
    26 | D:1      | Noticed a merfolk
   408 | D:1      | Reached skill level 1 in Conjurations
   416 | D:1      | Reached XP level 2. HP: 16/16 MP: 8/8
   520 | D:1      | Reached skill level 1 in Dodging
   520 | D:1      | Reached skill level 1 in Stealth
   770 | D:1      | Reached XP level 3. HP: 14/20 MP: 4/9
  1645 | D:2      | Found Seistry's Armour Emporium.
  1674 | D:2      | Noticed Jessica
  1745 | D:2      | Killed Jessica
  1746 | D:2      | Reached XP level 4. HP: 25/25 MP: 7/10
  2148 | D:2      | HP: 1/25 [orc (2)]
  2149 | D:2      | Slain by an orc

Illustrated notes

Levels and vault maps discovered:
D:1:      kb_arrival_jail, layout_basic, minmay_misc_feat_five
D:2:      layout_basic, serial_shops, shop, uniq_jessica

Skill      XL: |  1  2  3  4 |
---------------+-------------+-----
Conjurations   | 1 2 |  2.8
Dodging        | 1 2 |  2.0
Stealth        | 1 2 |  2.2
Bows           | 2 |  2.6
Fighting       | |  1.0
Throwing       | |  2.0
Armour         | |  1.0
Spellcasting   | |  3.0
Necromancy     | |  3.6

Action                   |  1- 3 |  4- 6 || total
-------------------------+-------+-------++-------
Melee: Dagger            |       |     4 ||     4
 Fire: Shortbow          |    43 |       ||    43
 Cast: Magic Dart        |    39 |    21 ||    60
  Use: Scroll            |     1 |       ||     1
Armor: Robe              |     7 |     4 ||    11
Dodge: Dodged            |    30 |     4 ||    34
